 Dungeon Crawl Stone Soup version 0.27-a0-59-gfbafd837a3 (webtiles) character file.

Game seed: 11452326296768745850

821 Borgoz the Ruffian (level 7, -3/60 HPs)
             Began as a Ghoul Gladiator on Jan 8, 2021.
             Engulfed by a cloud of freezing vapour (5 damage)
             ... on level 5 of the Dungeon.
             The game lasted 00:05:04 (4249 turns).

Borgoz the Ruffian (Ghoul Gladiator)                Turns: 4249, Time: 00:05:05

Health: -3/60      AC:  8    Str: 15 (18) XL:     7   Next: 95%
Magic:  0/6        EV: 12    Int:  3      God:
Gold:   218        SH:  0    Dex: 11 (12) Spells: 6/6 levels left

rFire    . . .     SeeInvis .     - Unarmed
rCold    + . .     Faith    .   (no shield)
rNeg     + + +     Spirit   +   n - +0 ring mail
rPois    ∞         Reflect  .   b - +0 helmet
rElec    .         Harm     .   e - +0 cloak
rCorr    .         Rampage  .   (no gloves)
Will     .....                  (no boots)
Stlth    +.........             h - amulet of guardian spirit
HPRegen  0.20/turn              (no ring)
MPRegen  0.10/turn              (no ring)

@: hasted, very quick
A: claws 1, cold resistance 1, negative energy resistance 3, inhibited
regeneration, torment resistance, unbreathing
a: no special abilities


You were on level 5 of the Dungeon.
You visited 1 branch of the dungeon, and saw 5 of its levels.

You collected 218 gold pieces.

Inventory:

Missiles
 c - 4 throwing nets (quivered)
Armour
 b - a +0 helmet (worn)
 e - a +0 cloak (worn)
 n - a +0 ring mail (worn)
Jewellery
 h - an amulet of guardian spirit (around neck)
Scrolls
 d - 2 scrolls of amnesia
 f - a scroll of teleportation
 j - 2 scrolls of remove curse
Potions
 g - 2 potions of might
 i - a potion of cancellation


   Skills:
 + Level 4.7 Fighting
 - Level 1.7 Throwing
 + Level 3.2 Armour
 + Level 4.3 Dodging
 * Level 6.8 Unarmed Combat


You had 6 spell levels left.
You didn't know any spells.
Your spell library was empty.

Dungeon Overview and Level Annotations

Branches:
Dungeon (5/15)
 Temple: D:4-7

Altars:
Dithmenos
Elyvilon
Okawaru
Qazlal
Ru


Innate Abilities, Weirdness & Mutations

You thrive by killing the living.
You are immune to poison.
You have sharp fingernails.
Your flesh is cold resistant. (rC+)
You are immune to negative energy. (rN+++)
You do not regenerate when monsters are visible.
You are immune to unholy pain and torment.
You can survive without breathing.


Message History

You are engulfed in freezing vapours.
You resist.
* * * LOW HITPOINT WARNING * * *
Okay, then.
It was a potion of mutation.
You feel extremely strange.
Your body decomposes!
You feel clumsy.
Your body decomposes!
You feel weakened.
Your body decomposes!
You feel weakened.
Your body decomposes!
You feel weakened.
You are engulfed in freezing vapours.
You resist.
* * * LOW HITPOINT WARNING * * *
It was a potion of berserk rage.
You cannot raise a blood rage in your lifeless body.
You are engulfed in freezing vapours.
You resist.
* * * LOW HITPOINT WARNING * * *
You are engulfed in freezing vapours.
You resist.
You die...

#............'.#$##
#..
#.#.########.#°#[##
#..
#.#.#........#°#(##
##.
#.#.#.#####..#°#/##
######
#........<#..#°#°##
#≈....
###.#........#°#°##
#≈....
#.†....###.#°#°##
#≈....
#.......#..#°#°##
##≈≈≈≈≈
#....<..#.##°#@##
#'#####
#.......#.##°#°##
#.# #.
##.#..#..#.##°#°##
######.#####
#........#.##°#°##
#...........
#........'.##°#°##
#...#.......
#........####°#°##
##...##......
#........# ##°#°##
#.....#......
#..).....# ##°#°##
#.....###....
#........# ##°#°##
##...## #....


There were no monsters in sight!

Vanquished Creatures
  A phantom (D:5)
  An ice beast (D:2)
  An ogre (D:5)
  2 scorpions (D:5)
  2 orc priests
  2 hounds (D:5)
  An iguana (D:5)
  3 orc wizards
  A hound zombie (D:3)
  2 hound skeletons
  4 gnolls (D:5)
  A howler monkey skeleton (D:5)
  5 adders
  An ooze (D:3)
  An adder skeleton (D:3)
  2 worms (D:2)
  3 dart slugs
  2 leopard geckos
  12 orcs
  9 bats
  6 giant cockroaches
  2 goblins
  A hobgoblin (D:3)
  10 jackals
  4 quokkas
  3 frilled lizards
  5 kobolds
  A leopard gecko skeleton (D:4)
  8 rats
96 creatures vanquished.

Notes
Turn   | Place    | Note
-------+----------+-------------------------------------------
     0 | D:1      | Borgoz the Ghoul Gladiator began the quest for the Orb.
     0 | D:1      | Reached XP level 1. HP: 17/17 MP: 0/0
    98 | D:1      | Reached XP level 2. HP: 25/25 MP: 1/1
  1117 | D:2      | Reached XP level 3. HP: 27/30 MP: 2/2
  1145 | D:2      | Noticed an ice beast
  1158 | D:2      | Killed an ice beast
  1159 | D:2      | Reached skill level 1 in Armour
  1159 | D:2      | Reached skill level 4 in Unarmed Combat
  1159 | D:2      | Reached XP level 4. HP: 14/38 MP: 1/3
  1421 | D:2      | Reached XP level 5. HP: 45/45 MP: 4/4
  2105 | D:3      | Reached skill level 5 in Unarmed Combat
  2335 | D:3      | Found a faded altar of an unknown god.
  2763 | D:4      | Reached XP level 6. HP: 51/51 MP: 5/5
  2897 | D:4      | Found a sacrificial altar of Ru.
  2946 | D:4      | Found a white marble altar of Elyvilon.
  2953 | D:4      | Found a shadowy altar of Dithmenos.
  3028 | D:4      | Found a stormy altar of Qazlal.
  3123 | D:4      | Found an iron altar of Okawaru.
  3303 | D:5      | Entered Level 5 of the Dungeon
  3408 | D:5      | Reached skill level 6 in Unarmed Combat
  3408 | D:5      | Reached XP level 7. HP: 59/59 MP: 6/6
  4248 | D:5      | HP: 2/60 [something (4)]
  4249 | D:5      | Engulfed by a cloud of freezing vapour

Illustrated notes

Levels and vault maps discovered:
D:1:      minmay_arrival_hallway, layout_basic, st_stairs_7
D:2:      layout_loops_corners, chequers_serial_rivers_large_a,
          minmay_fractal_squares_gapless_5
D:3:      layout_loops_ring, serial_undead, serial_undead_b, serial_undead_b,
          serial_undead_d, serial_undead_d, chequers_ecumenical_altar_island
D:4:      layout_cave_pools, old_standard_altar, nicolae_overflow_crystal_walls,
          marbit_many_paths, overflow_temple_1_default, minivault_27,
          nicolae_ru_great_annihilating_truth
D:5:      lemuel_ice_spiral_2, layout_basic, serial_rivers,
          chequers_serial_rivers_micro_c, chequers_serial_rivers_room_b,
          chequers_serial_rivers_marsh, chequers_serial_rivers_micro_c,
          chequers_serial_rivers_room_a, eino_small_chamber_without_monster

Skill      XL: |  1  2  3  4  5  6  7 |
---------------+----------------------+-----
Fighting       | 3 4 |  4.7
Armour         | 1 2 3 |  3.2
Dodging        | 3 4 |  4.3
Unarmed Combat | 4 5 6 |  6.8
Throwing       | |  1.7

Action                   |  1- 3 |  4- 6 |  7- 9 || total
-------------------------+-------+-------+-------++-------
Melee: Unarmed           |    63 |   185 |    95 ||   343
       Punch             |     1 |     3 |     1 ||     5
  Use: Scroll            |     3 |     4 |     3 ||    10
       Potion            |       |       |     4 ||     4
Armor: Leather armour    |    18 |    44 |       ||    62
       Ring mail         |       |       |    34 ||    34
Dodge: Dodged            |    33 |   132 |    47 ||   212

Table legend: (Time is in decaauts)
 A = Elapsed time spent in this place.
 B = Non-inter-level travel time spent in this place.
 C = Inter-level travel time spent in this place.
 D = Time resting spent in this place.
 E = Time spent auto-exploring this place.
 F = Levels seen in this place.
 G = Mean time per level.
                   A        B        C        D        E       F      G
               +--------+--------+--------+--------+--------+-----+--------+
         Total |   4220 |   4018 |    202 |    420 |   2927 |   5 |  844.0 |
       Dungeon |   4220 |   4018 |    202 |    420 |   2927 |   5 |  844.0 |
               +--------+--------+--------+--------+--------+-----+--------+

Top non-repeatable levels by time:
     D:2: 1188 daAuts
     D:5: 927 daAuts
     D:3: 765 daAuts
     D:1: 738 daAuts
     D:4: 600 daAuts
